 Dungeon Crawl Stone Soup version 0.20-a0-513-g02c11fc (webtiles) character file.

49 mopl the Slasher (level 3, -1/29 HPs)
             Began as a Barachian Fighter on Jan 22, 2017.
             Slain by Natasha (6 damage)
             ... on level 2 of the Dungeon.
             The game lasted 00:01:31 (1684 turns).

mopl the Slasher (Barachian Fighter)                Turns: 1684, Time: 00:01:32

Health: -1/29      AC: 10    Str: 15    XL:     3   Next: 77%
Magic:  3/3        EV:  6    Int:  6    God:
Gold:   108        SH:  8    Dex: 10    Spells: 2/2 levels left

rFire    . . .     SeeInvis .   a - +0 long sword
rCold    . . .     Gourm    +   b - +0 scale mail
rNeg     . . .     Faith    .   c - +0 shield
rPois    +         Spirit   .   (no helmet)
rElec    .         Reflect  .   j - +2 cloak {rPois}
rCorr    .         Harm     .   (no gloves)
MR       .....                  (no boots)
Stlth    ..........             l - amulet of the gourmand
Regen    0.1/turn               (no ring)
                                (no ring)

@: slowed, very slow
A: swims, slowness 1, strong legs 1
a: Hop


You were on level 2 of the Dungeon.
You were not hungry.

You visited 1 branch of the dungeon, and saw 2 of its levels.

You collected 108 gold pieces.

Inventory:

Hand Weapons
 a - a +0 long sword (weapon)
Missiles
 h - 14 poisoned needles
Armour
 b - a +0 scale mail (worn)
 c - a +0 shield (worn)
 j - a +2 cloak of poison resistance (worn)
Jewellery
 e - an uncursed amulet of harm {unknown}
 l - an amulet of the gourmand (around neck)
Scrolls
 g - a scroll of identify {unknown}
 i - a scroll of noise {unknown}
 k - a scroll of magic mapping {unknown}
Potions
 d - a potion of might
 m - a potion of brilliance {unknown}
Comestibles
 f - 2 bread rations


   Skills:
 - Level 3.2 Fighting
 + Level 4.3 Long Blades
 - Level 3.2 Armour
 - Level 3.0 Shields


You had 2 spell levels left.
You didn't know any spells.

Dungeon Overview and Level Annotations

Branches:
Dungeon (2/15)

Altars:
Nemelex Xobeh
Xom

Annotations:
D:2 Natasha


Innate Abilities, Weirdness & Mutations

You can swim through water.
You cover ground slowly.
You can hop short distances.


Message History

Natasha is lightly wounded.
You hit Natasha but do no damage.
Natasha is lightly wounded.
Natasha barely misses you. Natasha casts a spell at you.
You feel as though you will be slow longer.
Okay, then.
Okay, then.
You hit Natasha.
Natasha is moderately wounded.
Natasha claws you but does no damage. You block Natasha's attack.
You closely miss Natasha.
Natasha is moderately wounded.
You block Natasha's attack. x2
You barely miss Natasha.
Natasha is moderately wounded.
Natasha completely misses you.
You riposte.
You closely miss Natasha.
Natasha is moderately wounded.
Natasha claws you.
You die...

......#
#..##...............
.####.#
#)<#####.##.....## .#
#.#####..#####.###...##
.## #.##...........#
##.## ..#
#.##.###.###.### #.#
#.# #.##.# #.###.###
#.# #.# #.##.#
#.#.##..# ##'##
#.###.##.#
#.#.)##.###...##
......##.#####
#@#.##.....##
#.#.####.....#
##h##.......##
..#.########.#
##.#........#
.............#
.#........+
..#.########.#
.#........# ..#.# ###
##.......## ....#
##.....## #.### ##...##
#.# ##+##


You could see Natasha.

Vanquished Creatures
  2 adders (D:2)
  An ooze (D:1)
  A dart slug (D:1)
  A leopard gecko (D:1)
  A giant cockroach (D:1)
  5 hobgoblins
  A ball python (D:1)
  2 bats (D:1)
  3 frilled lizards (D:1)
  4 goblins
  2 kobolds
  3 rats (D:1)
26 creatures vanquished.

Notes
Turn   | Place    | Note
-------+----------+-------------------------------------------
     0 | D:1      | mopl the Barachian Fighter began the quest for the Orb.
     0 | D:1      | Reached XP level 1. HP: 18/18 MP: 1/1
   156 | D:1      | Reached skill level 3 in Long Blades
   156 | D:1      | Reached XP level 2. HP: 16/24 MP: 2/2
   244 | D:1      | Found a sparkling altar of Nemelex Xobeh.
   992 | D:1      | Reached XP level 3. HP: 29/29 MP: 3/3
  1299 | D:2      | Reached skill level 4 in Long Blades
  1516 | D:2      | Found a shimmering altar of Xom.
  1668 | D:2      | Noticed Natasha
  1684 | D:2      | Slain by Natasha

Vault maps used:
D:1:      nicolae_arrival_memento_mori, serial_co_window_serial,
          co_window_paths_b, co_window_paths_a, co_window_of_opportunity_a,
          co_window_paths_a, co_window_paths_b, co_window_unsneaky_path_a,
          co_window_2corner, co_window_2corner, co_window_broadway_c,
          co_window_broadway_c, co_window_corner_b, co_window_sun,
          co_window_paths_d, glass_columns_a, glass_columns_b, glass_columns_b,
          glass_columns_b, glass_columns_a, nemelex_diamond_rough_becter
D:2:      old_standard_altar, marbit_many_paths, small_statue_intersection,
          minivault_5, small_statue_intersection, roderic_roman_lattice,
          uniq_natasha, uniq_terence

Skill      XL: |  1  2  3 |
---------------+----------+-----
Long Blades    | 3 4 |  4.3
Fighting       | |  3.2
Armour         | |  3.2
Shields        | |  3.0

Action                   || total
-------------------------++-------
Melee: Long sword        ||   115
  Eat: Chunk             ||     3
Armor: Scale mail        ||    43
Dodge: Dodged            ||    40
Block: Shield            ||    50
       Rpst.: Long sword ||    14
